 Dungeon Crawl Stone Soup version 0.29-a0-416-g83a48905f1 (webtiles) character file.

Game seed: 12963074301273543139

199 Ijustatesigmund the Magician (level 5, -1/42 HPs)
             Began as a Deep Elf Fire Elementalist on May 16, 2022.
             Slain by Sigmund
             ... wielding a +0 scythe
              (12 damage)
             ... on level 3 of the Dungeon.
             The game lasted 00:09:19 (3853 turns).

Ijustatesigmund the Magician (DEFE)                 Turns: 3853, Time: 00:09:20

Health: -1/42      AC:  3    Str:  5    XL:     5   Next: 48%
Magic:  11/14      EV: 13    Int: 22    God:
Gold:   193        SH:  0    Dex: 21    Spells: 4/13 levels left

rFire   . . .      SeeInvis .   e - +1 short sword (drain)
rCold   . . .      Faith    .   (no shield)
rNeg    . . .      Spirit   .   a - +1 robe
rPois   .          Reflect  .   (no helmet)
rElec   .          Harm     .   (no cloak)
rCorr   .          Rampage  .   (no gloves)
Will    .....                   (no boots)
Stlth   ..........              (no amulet)
HPRegen 0.14/turn               j - +6 ring of dexterity
MPRegen 0.14/turn               (no ring)

@: berserking, flying (expiring), very quick
A: no striking features
a: no special abilities


You were on level 3 of the Dungeon.
You visited 1 branch of the dungeon, and saw 3 of its levels.
You also visited: Sewer.

You collected 193 gold pieces.

Inventory:

Hand Weapons
 e - a +1 short sword of draining (weapon)
Armour
 a - a +1 robe (worn)
Jewellery
 j - a +6 ring of dexterity (left hand)
Wands
 l - a wand of flame (5)
Scrolls
 k - a scroll of amnesia
 o - a scroll of enchant armour
Potions
 b - a potion of magic
 c - a potion of curing
 d - a potion of haste {unknown}
 f - a potion of brilliance {unknown}
 g - 2 potions of cancellation
 h - 4 potions of flight
 i - a potion of berserk rage
 n - a potion of resistance {unknown}


   Skills:
 - Level 2.4 Dodging
 - Level 2.4 Stealth
 + Level 4.8 Spellcasting
 + Level 3.2 Conjurations
 + Level 2.0 Translocations
 + Level 4.5 Fire Magic


You had 4 spell levels left.
You knew the following spells:

 Your Spells              Type           Power      Damage    Failure   Level
a - Foxfire               Conj/Fire      88%        2x1d8     1%          1
b - Scorch                Fire           50%        2d8       2%          2
c - Blink                 Tloc           28%        N/A       7%          2
d - Flame Wave            Conj/Fire      22%        2d7       21%         4

Your spell library contained the following spells:

 Spells                   Type           Power      Damage    Failure   Level
 Conjure Flame            Conj/Fire      22%        6-21      6%          3
 Inner Flame              Hex/Fire       15%        N/A       12%         3
 Lesser Beckoning         Tloc           14%        N/A       13%         3
 Manifold Assault         Tloc           14%        N/A       77%         5


Dungeon Overview and Level Annotations

Branches:
Dungeon (3/15)              Sewer (visited)

Altars:

Annotations:
D:3 Sigmund


Message History

The jackal is engulfed in a cloud of scalding steam.
You kill the jackal!
The ball python bites you but does no damage.
The ball python grabs you. The ball python constricts you.
The jackal bites you but does no damage.
Sigmund mumbles some strange words.
Sigmund flickers and vanishes!
Deactivating autopickup; reactivate with Ctrl-A.
Casting: Foxfire (safe; 2% risk of failure)
Confirm with . or Enter, or press ? or * to list all spells.
You conjure some foxfire!
The bat hits you but does no damage.
The ball python bites you but does no damage.
The ball python constricts you. The jackal bites you.
The ball python barely misses you. The ball python constricts you.
The foxfire hits the jackal.
The jackal is lightly wounded.
The foxfire hits the bat.
The bat is moderately wounded.
The bat is engulfed in a cloud of scalding steam.
The jackal is engulfed in a cloud of scalding steam.
You kill the jackal!
The ball python barely misses you. The ball python constricts you.
The bat hits you but does no damage.
Casting: Foxfire (safe; 1% risk of failure)
Confirm with . or Enter, or press ? or * to list all spells.
You conjure some foxfire!
You are engulfed in a cloud of scalding steam.
The bat barely misses you.
The ball python is engulfed in a cloud of scalding steam.
You kill the ball python!
The foxfire hits the bat!
You kill the bat!
A magic dart appears from out of thin air!
The magic dart hits you.
* * * LOW HITPOINT WARNING * * *
It was a potion of berserk rage.
A red film seems to cover your vision as you go berserk!
You feel yourself moving faster!
You feel mighty!
The foxfire hits something.
Something hits you!
You die...

.. ............
.....##....#....(#
.................#
.................
######..............#
#...........{≈≈....:.
#..........≈≈≈§≈.[...
#..........≈≈@≈≈.....
#..........≈§§§≈.....
####...........≈§§../...
.....#..................
.......###.#............
.....#####.#######......
.....>.....# #.....
.......###..# .....
.......# ##.... ...


There were no monsters in sight!

Vanquished Creatures
  7 adders
  3 river rats (Sewer)
  4 worms
  A dart slug (D:1)
  14 ball pythons
  2 endoplasms
  16 giant cockroaches
  6 hobgoblins
  6 jackals
  6 kobolds
  5 quokkas
  7 bats
  6 frilled lizards
  3 goblins
  7 rats
93 creatures vanquished.

Vanquished Creatures (others)
  199 foxfires
199 creatures vanquished.

Grand Total: 292 creatures vanquished

Notes
Turn   | Place    | Note
-------+----------+-------------------------------------------
     0 | D:1      | Ijustatesigmund the Deep Elf Fire Elementalist began the
                  | quest for the Orb.
     0 | D:1      | Reached XP level 1. HP: 10/10 MP: 6/6
   447 | D:1      | Reached XP level 2. HP: 15/15 MP: 4/8
   450 | D:1      | Learned a level 2 spell: Scorch
   485 | D:1      | Found a faded altar of an unknown god.
  1485 | D:2      | Reached XP level 3. HP: 19/19 MP: 5/10
  1617 | D:2      | Learned a level 2 spell: Blink
  1988 | D:2      | Reached XP level 4. HP: 24/24 MP: 10/12
  2394 | D:2      | Reached skill level 1 in Translocations
  2618 | D:3      | Found a glowing drain.
  2622 | D:3      | Noticed Sigmund
  2628 | Sewer    | Entered a sewer
  2863 | Sewer    | Reached XP level 5. HP: 13/28 MP: 6/13
  3077 | Sewer    | Learned a level 4 spell: Flame Wave
  3111 | Sewer    | HP: 1/28 [river rat (6)]
  3853 | D:3      | Slain by Sigmund

Illustrated notes

Levels and vault maps discovered:
D:1:      scummos_arrival_forest, layout_loops_cross,
          ebering_ecumenical_altar_rust, nrook_loot_triangle,
          serial_bayou_pond_a
D:2:      minmay_roachtagon, layout_rooms
D:3:      layout_rooms, lemuel_doored_altar, general_overflow_altar,
          portal_sewer_entry_a, uniq_ijyb, uniq_sigmund, uniq_grinder

Skill      XL: |  1  2  3  4  5 |
---------------+----------------+-----
Conjurations   | 2 3 |  3.2
Spellcasting   | 4 |  4.8
Fire Magic     | 4 |  4.5
Translocations | 1 2 |  2.0
Dodging        | |  2.4
Stealth        | |  2.4

Action                   |  1- 3 |  4- 6 || total
-------------------------+-------+-------++-------
Melee: Short sword       |       |     5 ||     5
 Cast: Foxfire           |    52 |    64 ||   116
       Scorch            |    11 |    11 ||    22
       Blink             |       |     1 ||     1
Evoke: Wand              |       |     7 ||     7
  Use: Scroll            |     2 |     5 ||     7
       Potion            |       |     5 ||     5
Armor: Robe              |     4 |    17 ||    21
Dodge: Dodged            |     4 |    60 ||    64

Table legend: (Time is in decaauts)
 A = Elapsed time spent in this place.
 B = Non-inter-level travel time spent in this place.
 C = Inter-level travel time spent in this place.
 D = Time resting spent in this place.
 E = Time spent auto-exploring this place.
 F = Levels seen in this place.
 G = Mean time per level.
                   A        B        C        D        E       F      G
               +--------+--------+--------+--------+--------+-----+--------+
         Total |   4005 |   3962 |     43 |   1389 |   1992 |   4 | 1001.2 |
       Dungeon |   2636 |   2593 |     43 |    829 |   1388 |   3 |  878.7 |
         Sewer |   1369 |   1369 |      0 |    560 |    604 |   1 | 1369.0 |
               +--------+--------+--------+--------+--------+-----+--------+

Top non-repeatable levels by time:
     D:1: 1465 daAuts
   Sewer: 1369 daAuts
     D:2: 1022 daAuts
     D:3: 147 daAuts
